 Dungeon Crawl Stone Soup version 0.28.0-53-g5a82cb258f (webtiles) character file.

Game seed: 16778712456508446454

1524 cbfl8 the Cleaver (level 8, -26/71 HPs)
             Began as a Minotaur Berserker on Sept 12, 2022.
             Was a Priest of Trog.
             Killed from afar by Maggie (28 damage)
             ... with a bolt of fire
             ... on level 6 of the Dungeon.
             The game lasted 00:06:59 (7721 turns).

cbfl8 the Cleaver (Minotaur Berserker)              Turns: 7721, Time: 00:06:59

Health: -26/71     AC: 13    Str: 22    XL:     8   Next: 54%
Magic:  7/7        EV:  5    Int:  4    God:    Trog [***...]
Gold:   164        SH: 12    Dex: 12    Spells: 7/7 levels left

rFire   . . .      SeeInvis .   a - +0 hand axe
rCold   + . .      Faith    .   y - +2 tower shield
rNeg    . . .      Spirit   .   r - +0 chain mail
rPois   +          Reflect  .   j - +2 hat
rElec   .          Harm     .   (no cloak)
rCorr   .          Rampage  .   i - +0 pair of gloves
Will    .....                   (no boots)
Stlth   ..........              (no amulet)
HPRegen 0.21/turn               f - ring of protection from cold
MPRegen 0.10/turn               k - ring of poison resistance

@: mesmerised
A: horns 2, retaliatory headbutt
a: Renounce Religion, Berserk, Trog's Hand


You were on level 6 of the Dungeon.
You worshipped Trog.
Trog was most pleased with you.
You visited 1 branch of the dungeon, and saw 6 of its levels.

You collected 190 gold pieces.
You spent 26 gold pieces at shops.

Inventory:

Hand Weapons
 a - a +0 hand axe (weapon)
Missiles
 w - a throwing net
Armour
 i - a +0 pair of gloves (worn)
 j - a +2 hat (worn)
 r - a +0 chain mail (worn)
 y - a +2 tower shield (worn)
Jewellery
 f - a ring of protection from cold (left hand)
 k - a ring of poison resistance (right hand)
 q - a ring of flight
Wands
 l - a wand of flame (18) (quivered)
 p - a wand of mindburst (20)
 u - a wand of acid (5)
Scrolls
 d - 4 scrolls of fog
 e - 2 scrolls of immolation {unknown}
 n - 4 scrolls of fear
 s - a scroll of enchant armour
 v - a scroll of teleportation {unknown}
Potions
 b - a potion of heal wounds {unknown}
 c - 2 potions of might {unknown}
 g - a potion of curing {unknown}
 h - a potion of berserk rage {unknown}
 m - a potion of degeneration {unknown}
 o - a potion of invisibility
 t - 2 potions of flight {unknown}
 x - 2 potions of attraction {unknown}


   Skills:
 * Level 6.9 Fighting
 * Level 8.8 Axes
 + Level 4.9 Armour
 * Level 4.6 Dodging
 + Level 1.1 Stealth
 * Level 3.2 Evocations


You had 7 spell levels left.
You didn't know any spells.
Your spell library was empty.

Dungeon Overview and Level Annotations

Branches:
Dungeon (6/15)             Temple (0/1) D:6

Altars:
Cheibriados
Elyvilon
Fedhas
Kikubaaqudgha
Nemelex Xobeh
Vehumet
The Shining One

Shops:
D:5 [!??(

Annotations:
D:5 2 transporters, GigaChad's ghost, novice MiFi
D:6 Maggie


Innate Abilities, Weirdness & Mutations

You have a pair of horns on your head.
You reflexively headbutt those who attack you in melee.


Message History

Maggie is nearby!
You barely miss Maggie. You headbutt Maggie.
Maggie is moderately wounded.
Maggie gives herself a magical halo, but it quickly sputters out.
Maggie mumbles some strange words.
Maggie draws you further into her thrall.
Maggie is nearby!
You hit Maggie. Your headbutt misses Maggie.
Maggie is moderately wounded.
Maggie hits you with a +0 war axe.
You hit Maggie.
Maggie is heavily wounded.
Maggie hits you but does no damage.
Maggie zaps a wand.
The puff of flame hits you!
You slash Maggie! You headbutt Maggie!
Maggie is severely wounded.
Maggie zaps a wand.
The puff of flame hits you!
You closely miss Maggie. Your headbutt misses Maggie.
Maggie is severely wounded.
Maggie zaps a wand.
The puff of flame hits you.
You slash Maggie! Your headbutt misses Maggie.
Maggie is almost dead.
Maggie hits you with a +0 war axe.
Maggie points at you and mumbles some strange words.
The bolt of fire hits you!!
* * * LOW HITPOINT WARNING * * *
You are too injured to fight recklessly!
You are too injured to fight recklessly!
You hit Maggie but do no damage.
Maggie is almost dead.
Maggie zaps a wand.
The puff of flame hits you.
* * * LOW HITPOINT WARNING * * *
You barely miss Maggie. Your headbutt misses Maggie.
Maggie is almost dead.
You block Maggie's attack.
You barely miss Maggie.
Maggie is almost dead.
Maggie casts a spell at you. The bolt of fire hits you!!
You die...

#####)).....#.#
#....#
......)..##.#.#
#....#
'####.##.# #.#
#....#
...##....#
#.### #....#
...#####..
#...###....#
...#
...#.#........#
...#
...#.#.##.....#
...#
....####.....#
...#
...#.@.....)#
...#
....#@###....#
...# ##...#.
#....# <..
#..>#. ######
#. #. .. ##


You could see Maggie (mesmerising).

Vanquished Creatures
  A black bear (D:5)
  2 necrophages
  An orc warrior (D:6)
  3 ogres
  A centaur (D:5)
  A kobold brigand (D:6)
  Blork the orc (D:6)
  A bullfrog zombie (D:5)
  3 hounds
  2 bullfrog skeletons (D:6)
  2 orc priests
  An iron imp (D:3)
  2 iguanas
  An orc wizard (D:5)
  Ijyb (D:3)
  Terence (D:2)
  A howler monkey zombie (D:5)
  5 adders
  9 gnolls
  A shadow imp (D:6)
  3 white imps (D:5)
  A worm (D:2)
  10 dart slugs
  17 orcs
  8 ball pythons
  5 endoplasms
  6 giant cockroaches
  9 goblins
  6 hobgoblins
  6 quokkas
  3 bats
  4 frilled lizards
  11 kobolds
  7 rats
136 creatures vanquished.

Vanquished Creatures (others)
  5 fungi (D:3)
5 creatures vanquished.

Grand Total: 141 creatures vanquished

Notes
Turn   | Place    | Note
-------+----------+-------------------------------------------
     0 | D:1      | cbfl8 the Minotaur Berserker began the quest for the Orb.
     0 | D:1      | Reached XP level 1. HP: 19/19 MP: 0/0
   322 | D:1      | Reached XP level 2. HP: 13/27 MP: 1/1
   641 | D:1      | Reached skill level 4 in Axes
   830 | D:1      | Reached XP level 3. HP: 16/34 MP: 2/2
  1276 | D:1      | Reached ** piety under Trog
  1828 | D:2      | Noticed Terence
  1834 | D:2      | Killed Terence
  1835 | D:2      | Reached skill level 1 in Evocations
  1835 | D:2      | Reached XP level 4. HP: 34/41 MP: 3/3
  3027 | D:3      | Found a glowing golden altar of the Shining One.
  3275 | D:3      | Found a faded altar of an unknown god.
  3296 | D:3      | Noticed Ijyb
  3312 | D:3      | Killed Ijyb
  3313 | D:3      | Reached skill level 5 in Axes
  3313 | D:3      | Reached XP level 5. HP: 5/47 MP: 4/4
  3838 | D:3      | Found a snail-covered altar of Cheibriados.
  3994 | D:3      | Found a radiant altar of Vehumet.
  4185 | D:4      | Noticed a necrophage
  4196 | D:4      | Killed a necrophage
  4197 | D:4      | Reached skill level 5 in Fighting
  4197 | D:4      | Reached XP level 6. HP: 56/56 MP: 5/5
  4446 | D:4      | Found an ancient bone altar of Kikubaaqudgha.
  4455 | D:4      | Reached skill level 6 in Axes
  4619 | D:4      | Reached skill level 1 in Stealth
  5116 | D:5      | Entered Level 5 of the Dungeon
  5128 | D:5      | Reached XP level 7. HP: 54/61 MP: 6/6
  5197 | D:5      | Reached *** piety under Trog
  5216 | D:5      | Reached skill level 7 in Axes
  5248 | D:5      | Found Maotany's Antique Weapon Shoppe.
  5609 | D:5      | Found a white marble altar of Elyvilon.
  5849 | D:5      | Found a transporter.
  5852 | D:5      | Found Yzuunich's Magic Scroll Shop.
  5860 | D:5      | Bought a scroll of identify for 26 gold pieces
  5871 | D:5      | Noticed GigaChad's ghost (novice MiFi)
  5891 | D:5      | Found Hajisch's Distillery.
  5920 | D:5      | Found Taton's Armour Shoppe.
  6020 | D:5      | Found a blossoming altar of Fedhas.
  6189 | D:5      | Found Kopnuk's Magic Scroll Emporium.
  6258 | D:5      | Found a transporter.
  6262 | D:5      | Reached XP level 8. HP: 55/71 MP: 7/7
  6506 | D:5      | Found a sparkling altar of Nemelex Xobeh.
  6763 | D:6      | Found a staircase to the Ecumenical Temple.
  6782 | D:6      | Reached skill level 8 in Axes
  7479 | D:6      | Noticed Blork the orc
  7489 | D:6      | Killed Blork the orc
  7711 | D:6      | Noticed Maggie
  7719 | D:6      | HP: 1/71 [Maggie/puff of flame (6)]
  7721 | D:6      | Killed from afar by Maggie

Illustrated notes

Levels and vault maps discovered:
D:1:      dpeg_arrival_ternary, layout_basic, palyth_stone_intersect
D:2:      layout_basic, uniq_terence
D:3:      kennysheep_slugbush, layout_loops_cross, slow_altar_2,
          mainiacjoe_overflow_boulevard, nicolae_overflow_crystal_walls,
          hellmonk_ecumenical_altar_heavens_door, hex_large, uniq_ijyb
D:4:      layout_basic, kennysheep_mini
D:5:      minmay_evil_eye, layout_gridville, mainiacjoe_overflow_brackets,
          lemuel_doored_altar, old_standard_altar, gammafunk_ghost_arena,
          serial_shops, nicolae_lakefront_shop, shop_fountains,
          kennysheep_mini_moat, shop, nicolae_shop_competitors_out_of_business,
          st_stairs_13, nicolae_fountain_basement
D:6:      layout_basic, minmay_temple_entry_glass, uniq_sigmund, uniq_maggie,
          uniq_blork_the_orc

Skill      XL: |  1  2  3  4  5  6  7  8 |
---------------+-------------------------+-----
Fighting       | 4 5 6 |  6.9
Axes           | 4 5 6 7 8 |  8.8
Evocations     | 1 2 3 |  3.2
Dodging        | 3 4 |  4.6
Armour         | 3 4 |  4.9
Stealth        | 1 |  1.1

Action                   |  1- 3 |  4- 6 |  7- 9 || total
-------------------------+-------+-------+-------++-------
Melee: Hand axe          |    66 |   139 |   138 ||   343
       Headbutt          |    10 |    15 |    36 ||    61
       Punch             |     1 |     2 |     2 ||     5
Invok: Berserk           |     1 |     1 |     2 ||     4
  Use: Scroll            |       |     2 |     2 ||     4
Armor: Animal skin       |    11 |     3 |       ||    14
       Scale mail        |       |    45 |       ||    45
       Chain mail        |       |    15 |    84 ||    99
Dodge: Dodged            |    37 |   101 |    80 ||   218
Block: Tower shield      |       |       |     3 ||     3
